Map: Cerulean Fall LE

Players

Swatopluke - Winner!

  • Race: Protoss Protoss
  • League: Platinum
  • Spawn Location: 1:00

CRISPR

  • Race: Zerg Zerg
  • League: Diamond
  • Spawn Location: 7:00

VOD

Have the link to the VOD?

Description

Time

  • Played on: Nov. 13, 2018, 5:06 p.m.
  • Length: 12:23
Show
View Real Time Build Order
Export as new Build Order

Swatopluke Protoss - Winner!

Build Orders: Mass Adepts, Zealot Archon 

Get SALT Encoding   

  12  0:00  Probe  
  13  0:13  Probe  
  14  0:18  Pylon  
  14  0:25  Probe  
  15  0:35  Probe  
  15  0:37  Gateway  
  16  0:43  Probe  
  17  0:50  Assimilator  
  17  0:53  Probe  
  18  1:05  Probe  
  18  1:06  Gateway  
  19  1:16  Assimilator  
  19  1:17  Probe  
  20  1:24  Cybernetics Core  
  20  1:29  Probe  
  21  1:41  Warp Gate, Probe  
  21  1:44  Pylon  
  22  1:57  Adept  
  22  2:02  Adept  
  22  2:03  Probe  
  27  2:10  Twilight Council  
  27  2:32  Probe  
  27  2:36  Gateway  
  27  2:37  Gateway  
  28  2:38  Adept  
  30  2:48  Resonating Glaives  
  30  2:53  Probe, Pylon  
  31  3:09  Adept  
  33  3:26  Probe  
  32  3:38  Probe  
  32  3:40  Pylon  
  33  3:41  Pylon  
  33  3:44  Adept x3  
  39  4:11  Adept x2  
  42  4:27  Nexus  
  42  4:31  Adept  
  42  4:32  Adept  
  42  4:34  Zealot  
  48  4:39  Charge  
  48  4:43  Probe  
  49  4:52  Templar Archives  
  49  5:10  Probe  
  48  5:23  Probe  
  45  5:40  Zealot, High Templar x3  
  45  5:44  Probe x2  
  45  5:47  Assimilator  
  47  5:50  Assimilator  
  47  5:56  Probe x2  
  49  6:00  Adept  
  49  6:01  Robotics Facility  
  51  6:08  Probe x2  
  53  6:21  Archon  
  53  6:24  Probe x2, High Templar  
  57  6:32  Probe  
  57  6:33  Probe  
  59  6:41  Probe x2  
  59  6:43  High Templar  
  59  6:44  Zealot x2  
  67  6:52  Nexus  
  67  7:02  High Templar  
  67  7:04  Probe  
  70  7:09  Pylon  
  70  7:11  Pylon  
  70  7:22  Pylon  
  70  7:23  Archon  
  70  7:27  Probe  
  70  7:28  Psionic Storm, Immortal  
  75  7:30  Zealot x2  
  79  7:38  Probe  
  79  7:40  Probe  
  79  7:43  Gateway  
  81  7:48  Zealot  
  81  7:50  Probe  
  84  7:52  Probe  
  84  7:53  Pylon  
  84  7:57  Archon  
  79  8:16  Zealot x3  
  79  8:17  Zealot  
  65  8:37  High Templar x4  
  73  8:42  Archon x2  
  71  8:51  Observer  
  71  8:52  High Templar  
  71  8:55  Probe x3  
  70  8:56  Gateway  
  70  8:57  Gateway  
  70  8:58  Gateway  
  70  9:01  Assimilator  
  73  9:05  Assimilator  
  73  9:09  Zealot x3  
  79  9:10  Zealot  
  79  9:12  Immortal  
  74  9:18  Probe  
  74  9:19  Probe x2  
  58  9:35  Zealot x5  
  68  9:39  Assimilator  
  68  9:40  Probe x3  
  71  9:48  Pylon  
  71  9:51  Pylon  
  71  9:56  Zealot, Immortal  
  71  9:59  Probe  
  76  10:24  High Templar x5  
  80  10:43  Immortal  
  72  11:03  Archon x2  
  72  11:06  Zealot  
  72  11:07  High Templar x3  
  72  11:08  Zealot  
  72  11:10  Probe x2  
  80  11:42  Zealot x2, High Templar x3  
  80  11:43  Zealot  
  92  11:50  Archon  
  92  11:53  Archon  
  92  11:55  Archon  
  90  12:13  High Templar x3  
  90  12:14  High Templar x2  
  90  12:15  Zealot  
  98  12:16  Zealot  
Show
View Real Time Build Order
Export as new Build Order

CRISPR Zerg 

Build Orders: Hatch First 

Get SALT Encoding   

  12  0:01  Drone  
  13  0:12  Overlord  
  13  0:17  Drone  
  14  0:31  Drone x2  
  14  0:34  Drone  
  17  0:55  Hatchery  
  16  0:58  Drone  
  16  1:00  Drone  
  18  1:13  Extractor  
  18  1:17  Spawning Pool  
  16  1:19  Drone  
  16  1:22  Drone  
  18  1:28  Drone  
  19  1:43  Overlord  
  19  2:06  Zergling x4  
  19  2:07  Queen x2  
  25  2:11  Drone x2  
  27  2:16  Metabolic Boost  
  27  2:42  Queen  
  29  2:57  Hatchery  
  28  3:06  Evolution Chamber  
  26  3:27  Roach Warren  
  26  3:31  Extractor, Drone x10  
  26  3:33  Extractor, Overlord  
  33  3:36  Overlord  
  34  4:04  Drone x8  
  42  4:25  Spine Crawler  
  42  4:30  Roach  
  42  4:31  Roach x5  
  52  4:51  Overlord x2  
  52  5:15  Roach  
  52  5:16  Roach x5  
  51  5:47  Lair  
  51  5:49  Drone x6  
  57  6:04  Zerg Missile Weapons Level 1  
  57  6:07  Spore Crawler  
  57  6:09  Drone x2, Spore Crawler  
  57  6:34  Hatchery  
  57  6:38  Drone x5  
  57  6:39  Drone x4  
  65  6:46  Glial Reconstitution  
  65  6:47  Hatchery  
  64  7:06  Roach x2  
  64  7:08  Overlord x4  
  68  7:26  Roach x3  
  68  7:27  Roach  
  78  7:30  Roach  
  78  7:37  Roach  
  80  7:56  Drone x9  
  80  7:57  Drone  
  90  8:12  Hatchery  
  83  8:19  Roach x10  
  73  8:37  Queen  
  75  8:42  Roach x7  
  55  9:40  Drone x15  
  55  9:41  Queen  
  72  9:45  Zerg Melee Weapons Level 1  
  72  9:51  Overseer, Evolution Chamber  
  71  10:02  Hydralisk Den, Drone x3  
  71  10:03  Extractor  
  71  10:06  Roach  
  86  10:07  Roach x7  
  84  10:20  Roach  
  84  10:21  Roach x4  
  88  10:24  Overlord x3  
  74  10:38  Roach x7  
  70  10:57  Roach, Hydralisk x4  
  70  11:03  Grooved Spines  
  68  11:11  Drone  
  44  11:39  Roach x13  
  69  11:40  Roach  
Tags
 
Add a new tag
Caveats
  • Supply blocks, unpowered buildings, or Contaminate may cause inaccurate times.
  • Supply counts are checked every 10 seconds.